Map: 环轨星港

Players

WarMan

  • Race: Terran Terran
  • League: Bronze

shengy - Winner!

  • Race: Zerg Zerg
  • League: Platinum

VOD

Have the link to the VOD?

Description

Time

  • Played on: Dec. 23, 2015, 4:25 p.m.
  • Length: 8:43
Show
View Real Time Build Order
Export as new Build Order

WarMan Terran 

Build Orders: Command Center First (CC), MMM Bio 

Get SALT Encoding   

  12  0:01  SCV  
  13  0:13  SCV  
  14  0:19  Supply Depot  
  14  0:25  SCV  
  15  0:40  SCV  
  16  0:52  SCV  
  17  1:01  Command Center  
  17  1:05  SCV  
  18  1:18  Barracks  
  18  1:20  SCV  
  19  1:32  SCV  
  20  1:35  Barracks  
  20  1:48  SCV  
  20  1:49  Barracks  
  21  2:00  SCV  
  22  2:01  Refinery  
  22  2:05  Refinery  
  22  2:12  SCV  
  22  2:13  Bunker  
  23  2:16  SCV  
  24  2:26  SCV  
  25  2:31  Orbital Command  
  24  2:38  Barracks Reactor  
  24  2:43  Orbital Command  
  24  2:50  Supply Depot  
  24  2:54  Barracks Tech Lab  
  24  2:56  Barracks Tech Lab  
  24  3:00  SCV  
  25  3:10  SCV  
  27  3:12  SCV  
  27  3:14  Marine  
  27  3:15  Marine  
  27  3:16  Marine x2  
  31  3:23  Engineering Bay  
  31  3:24  SCV  
  31  3:25  SCV  
  33  3:30  Combat Shields  
  33  3:36  SCV  
  33  3:37  SCV  
  33  3:38  Stimpack  
  35  3:44  Refinery  
  35  3:48  SCV  
  35  3:49  Supply Depot, SCV  
  35  3:53  Supply Depot  
  37  3:56  Terran Infantry Weapons Level 1  
  37  4:01  SCV  
  38  4:03  SCV  
  38  4:05  Engineering Bay  
  39  4:10  Refinery, Marine x2  
  39  4:13  SCV  
  42  4:18  SCV  
  42  4:19  Factory  
  43  4:25  SCV  
  43  4:26  Marine x2  
  43  4:28  Marine  
  47  4:32  Supply Depot  
  47  4:36  Supply Depot, Terran Infantry Armor Level 1  
  47  4:38  SCV  
  47  4:40  SCV  
  49  4:47  Marine  
  49  4:49  Concussive Shells  
  49  4:50  Marauder, SCV  
  53  4:52  SCV  
  53  4:59  Marauder, Marine  
  57  5:05  Factory Reactor, Starport  
  57  5:09  SCV  
  57  5:10  SCV  
  57  5:12  Marauder  
  61  5:21  SCV  
  61  5:22  SCV  
  61  5:25  Supply Depot x2, Marauder  
  61  5:28  Marine  
  65  5:29  Marine  
  65  5:33  Marauder, SCV  
  65  5:34  SCV  
  71  5:47  Marauder  
  73  5:51  SCV x2  
  73  5:53  Medivac x2  
  73  5:55  Fusion Core  
  79  6:00  Command Center  
  79  6:02  Armory  
  79  6:03  SCV  
  80  6:07  Supply Depot  
  80  6:09  Supply Depot, Marauder, Marine  
  83  6:11  SCV  
  83  6:15  SCV  
  85  6:22  Barracks  
  85  6:24  Barracks  
  85  6:28  Barracks  
  85  6:32  SCV  
  86  6:33  SCV  
  86  6:34  Marauder, Marine  
  90  6:42  Medivac x2  
  90  6:44  Marauder  
  90  6:46  SCV  
  97  6:55  Barracks  
  97  6:56  Marauder  
  91  7:06  Marauder, Marine x2  
  89  7:13  Marine  
  88  7:17  Marauder, Marine  
  85  7:23  Marine  
  85  7:24  Marine  
  85  7:28  Marauder  
  71  7:37  Marine x3  
  71  7:38  Marine  
  71  7:41  Marine x2  
  69  7:49  Marauder  
  60  7:55  Marine x2  
  60  7:56  Marauder  
  59  8:10  Marauder  
  58  8:18  SCV x2  
  55  8:30  SCV x2  
Show
View Real Time Build Order
Export as new Build Order

shengy Zerg - Winner!

Build Orders: Hatch First 

Get SALT Encoding   

  12  0:01  Drone  
  13  0:08  Drone  
  14  0:17  Overlord  
  14  0:35  Drone x3  
  17  0:46  Drone  
  18  0:57  Hatchery  
  17  1:00  Drone  
  18  1:10  Drone  
  19  1:16  Spawning Pool  
  18  1:26  Drone  
  18  1:29  Overlord  
  19  1:42  Drone  
  20  1:50  Drone  
  21  1:58  Extractor  
  20  2:03  Queen  
  20  2:04  Zergling x2  
  23  2:09  Queen  
  23  2:10  Drone  
  26  2:16  Drone  
  27  2:31  Drone x3  
  27  2:36  Hatchery, Drone  
  30  2:45  Drone x2  
  32  2:51  Overlord  
  32  2:54  Drone  
  33  3:01  Lair  
  33  3:03  Drone  
  34  3:07  Drone  
  35  3:13  Drone x2  
  35  3:15  Drone  
  35  3:16  Drone  
  39  3:22  Drone x4  
  39  3:26  Extractor  
  42  3:28  Extractor  
  42  3:31  Roach Warren, Drone x2  
  42  3:40  Overlord  
  42  3:45  Burrow  
  41  3:50  Drone x2  
  41  3:51  Drone x3  
  41  3:53  Queen  
  48  3:57  Overlord  
  48  4:13  Overlord  
  48  4:14  Overlord  
  48  4:15  Drone x5  
  53  4:20  Evolution Chamber, Drone x3  
  53  4:21  Overseer  
  55  4:38  Glial Reconstitution  
  55  4:40  Roach x2  
  55  4:41  Roach x4  
  67  4:48  Spore Crawler  
  67  4:51  Spore Crawler  
  65  4:55  Drone x2  
  65  4:56  Hatchery  
  66  5:03  Roach x4  
  66  5:04  Roach  
  76  5:10  Drone  
  77  5:22  Roach x2  
  77  5:25  Overlord x4  
  81  5:29  Zerg Missile Weapons Level 1  
  81  5:43  Ravager x3  
  84  5:50  Roach x3  
  84  5:51  Zergling x6  
  84  5:52  Zergling x8  
  97  6:00  Metabolic Boost  
  97  6:17  Extractor, Drone x4  
  97  6:18  Drone x4  
  102  6:19  Extractor  
  102  6:21  Drone  
  102  6:22  Drone x4  
  102  6:23  Extractor  
  107  6:45  Overlord x2  
  98  7:02  Roach x2  
  98  7:03  Roach x9  
  98  7:04  Roach x2  
  117  7:12  Spine Crawler  
  117  7:15  Spine Crawler, Roach x9  
  100  7:41  Zergling x16  
  100  7:42  Zergling x2  
  101  7:55  Overlord x3  
  101  8:05  Spire  
  95  8:25  Zergling x8  
  95  8:26  Zergling x6  
Tags
 
Add a new tag
Caveats
  • Supply blocks, unpowered buildings, or Contaminate may cause inaccurate times.
  • Supply counts are checked every 10 seconds.